| TOP OF THE 1ST |
|
Houston Astros batting - Pitching for San Diego Padres : LHP Jim Turan
|
|
Pitching: LHP Jim Turan
|
|
|
Batting: RHB Jesse Scott
|
0-0: Ball 1-0: Foul Ball, location: 2F 1-1: Foul Ball, location: 2F 1-2: DOUBLE (Flyball, 8LXD, EV 111.9 MPH)
|
|
Batting: LHB Eric Katz
|
0-0: Called Strike 0-1: Ball 1-1: Ball 2-1: Ground out 6-3 (Groundball, 6, EV 80.0 MPH) Jesse Scott to third
|
|
Batting: SHB Jason Woods
|
0-0: Ball 1-0: Foul Ball, location: 2F 1-1: Ground out 6-3 (Groundball, 6, EV 103.8 MPH) Jesse Scott scores
|
|
Batting: RHB Eric Chotkowski
|
0-0: Called Strike 0-1: Fly out, F8 (Flyball, 8RM, EV 91.9 MPH)
|
| Top of the 1st over - 1 run, 1 hit, 0 errors, 0 left on base; Houston 1 - San Diego 0 |
| BOTTOM OF THE 1ST |
|
San Diego Padres batting - Pitching for Houston Astros : RHP Josh Sandoval
|
|
Pitching: RHP Josh Sandoval
|
|
|
Batting: RHB Hildo Pot
|
0-0: Foul Ball, location: 2F 0-1: Ground out 6-3 (Groundball, 6M, EV 91.2 MPH)
|
|
Batting: SHB Phil Zacharia
|
0-0: Foul Ball, location: 2F 0-1: Ball 1-1: Ground out 1-3 (Groundball, 34S, EV 71.9 MPH)
|
|
Batting: RHB Manny Vergara
|
0-0: Called Strike 0-1: Ball 1-1: Ball 2-1: SOLO HOME RUN (Flyball, 9LD, EV 100.0 MPH), Distance : 384 ft
|
|
Batting: SHB Jerry Luckwell
|
0-0: Ball 1-0: Called Strike 1-1: Foul Ball, location: 2F 1-2: Ball 2-2: Ball 3-2: Base on Balls
|
|
Batting: RHB Kaeo Zirpoli
|
0-0: Ground out 4-3 (Groundball, 4, EV 91.2 MPH)
|
| Bottom of the 1st over - 1 run, 1 hit, 0 errors, 1 left on base; Houston 1 - San Diego 1 |
| TOP OF THE 2ND |
|
Houston Astros batting - Pitching for San Diego Padres : LHP Jim Turan
|
|
Batting: LHB Jack Christie
|
0-0: Ball 1-0: Swinging Strike 1-1: Called Strike 1-2: Strikes out swinging
|
|
Batting: RHB Jeremy Trump
|
0-0: Ball 1-0: Called Strike 1-1: Called Strike 1-2: Ball 2-2: Strikes out swinging, 2-3 out at first.
|
|
Batting: SHB Rich Chavez
|
0-0: Called Strike 0-1: Foul Ball, location: 2F 0-2: Ground out 4-3 (Groundball, 4, EV 110.0 MPH)
|
| Top of the 2nd over - 0 runs, 0 hits, 0 errors, 0 left on base; Houston 1 - San Diego 1 |
| BOTTOM OF THE 2ND |
|
San Diego Padres batting - Pitching for Houston Astros : RHP Josh Sandoval
|
|
Batting: RHB Hugo Bautista
|
0-0: Ball 1-0: Ball 2-0: Foul Ball, location: 2F 2-1: Ball 3-1: Foul Ball, location: 2F 3-2: Base on Balls
|
|
Batting: RHB Elijah Campbell
|
0-0: Ball 1-0: Grounds into double play, 1-6-3 (Groundball, 13S, EV 67.5 MPH)
|
|
Batting: LHB Mike Holt
|
0-0: Ball 1-0: Ball 2-0: Ball 3-0: Called Strike 3-1: Fly out, F9 (Flyball, 9, EV 87.5 MPH)
|
| Bottom of the 2nd over - 0 runs, 0 hits, 0 errors, 0 left on base; Houston 1 - San Diego 1 |
| TOP OF THE 3RD |
|
Houston Astros batting - Pitching for San Diego Padres : LHP Jim Turan
|
|
Batting: SHB Joe Gardner
|
0-0: Ground out 1-3 (Groundball, 15, EV 62.5 MPH)
|
|
Batting: SHB Bryan Johnston
|
0-0: Ball 1-0: Foul Ball, location: 2F 1-1: Ball 2-1: SINGLE (Flyball, 78S, EV 84.4 MPH)
|
|
Batting: RHB Jesse Scott
|
0-0: Called Strike 0-1: Ball 1-1: Ball 2-1: Called Strike 2-2: 2-RUN HOME RUN (Flyball, 7D, EV 97.5 MPH), Distance : 395 ft
|
|
Batting: LHB Eric Katz
|
0-0: Ball 1-0: Called Strike 1-1: Foul Ball, location: 2F 1-2: Foul Ball, location: 2F 1-2: Ball 2-2: Ball 3-2: Fly out, F6 (Popup, 56, EV 72.5 MPH)
|
|
Batting: SHB Jason Woods
|
0-0: Ball 1-0: Called Strike 1-1: Ball 2-1: Called Strike 2-2: Ball 3-2: Strikes out looking
|
| Top of the 3rd over - 2 runs, 2 hits, 0 errors, 0 left on base; Houston 3 - San Diego 1 |
| BOTTOM OF THE 3RD |
|
San Diego Padres batting - Pitching for Houston Astros : RHP Josh Sandoval
|
|
Batting: RHB Luis Torres
|
0-0: Called Strike 0-1: Ball 1-1: Ball 2-1: Ball 3-1: Foul Ball, location: 2F 3-2: Foul Ball, location: 2F 3-2: SINGLE (Line Drive, 9S, EV 110.6 MPH)
|
|
Batting: RHB Hildo Pot
|
0-0: Ball 1-0: Called Strike 1-1: Foul Ball, location: 2F 1-2: Ball Pickoff Throw to First - Error! E1 Luis Torres to second 2-2: Ball 3-2: Foul Ball, location: 2F 3-2: Foul Ball, location: 2F 3-2: Ground out 4-3 (Groundball, 4, EV 105.6 MPH) Luis Torres to third
|
|
Batting: SHB Phil Zacharia
|
0-0: Ball 1-0: Ball 2-0: Ball 3-0: Called Strike 3-1: Foul Ball, location: 2F 3-2: Fly out, F9 (Flyball, 9LM, EV 108.8 MPH) Runner from 3rd tags up, SCORES, no throw by RF
|
|
Batting: RHB Manny Vergara
|
0-0: Ground out 5-3 (Groundball, 5, EV 84.4 MPH)
|
| Bottom of the 3rd over - 1 run, 1 hit, 1 error, 0 left on base; Houston 3 - San Diego 2 |
| TOP OF THE 4TH |
|
Houston Astros batting - Pitching for San Diego Padres : LHP Jim Turan
|
|
Batting: RHB Eric Chotkowski
|
0-0: Called Strike 0-1: Swinging Strike 0-2: Ball 1-2: Ball 2-2: Strikes out looking
|
|
Batting: LHB Jack Christie
|
0-0: Ball 1-0: Called Strike 1-1: Fly out, F5 (Line Drive, 5, EV 68.1 MPH)
|
|
Batting: RHB Jeremy Trump
|
0-0: Ball 1-0: Ground out 5-3 (Groundball, 56S, EV 64.4 MPH)
|
| Top of the 4th over - 0 runs, 0 hits, 0 errors, 0 left on base; Houston 3 - San Diego 2 |
| BOTTOM OF THE 4TH |
|
San Diego Padres batting - Pitching for Houston Astros : RHP Josh Sandoval
|
|
Batting: SHB Jerry Luckwell
|
0-0: Called Strike 0-1: SINGLE (Groundball, 4MD, EV 105.6 MPH)
|
|
Batting: RHB Kaeo Zirpoli
|
0-0: Ball 1-0: Swinging Strike 1-1: Ball 2-1: Foul Ball, location: 2F 2-2: Foul Ball, location: 2F 2-2: Foul Ball, location: 2F 2-2: 2-RUN HOME RUN (Flyball, 7D, EV 96.2 MPH), Distance : 372 ft
|
|
Batting: RHB Hugo Bautista
|
0-0: Called Strike 0-1: Ball 1-1: Called Strike 1-2: SOLO HOME RUN (Flyball, 8RXD, EV 108.8 MPH), Distance : 407 ft
|
|
Pitching: RHP Jorge Aguilar
|
|
|
Batting: RHB Elijah Campbell
|
0-0: Ball 1-0: Called Strike 1-1: Foul Ball, location: 2F 1-2: Strikes out swinging
|
|
Batting: LHB Mike Holt
|
0-0: Ball 1-0: Ball 2-0: Ball 3-0: Base on Balls
|
|
Batting: RHB Luis Torres
|
0-0: Ball 1-0: Called Strike 1-1: Ball 2-1: Foul Ball, location: 2F 2-2: Strikes out swinging
|
|
Batting: RHB Hildo Pot
|
0-0: Ball 1-0: Called Strike 1-1: Ball 2-1: Ball 3-1: Ground out 4-3 (Groundball, 4S, EV 71.2 MPH)
|
| Bottom of the 4th over - 3 runs, 3 hits, 0 errors, 1 left on base; Houston 3 - San Diego 5 |
| TOP OF THE 5TH |
|
Houston Astros batting - Pitching for San Diego Padres : LHP Jim Turan
|
|
Batting: SHB Rich Chavez
|
0-0: Called Strike 0-1: Called Strike 0-2: Ground out 6-3 (Groundball, 6, EV 106.2 MPH)
|
|
Batting: SHB Joe Gardner
|
0-0: Ball 1-0: Called Strike 1-1: Ball 2-1: Swinging Strike 2-2: Strikes out swinging, 2-3 out at first.
|
|
Batting: SHB Bryan Johnston
|
0-0: Ball 1-0: Foul Ball, location: 2F 1-1: Ground out 5-3 (Groundball, 56S, EV 91.9 MPH)
|
| Top of the 5th over - 0 runs, 0 hits, 0 errors, 0 left on base; Houston 3 - San Diego 5 |
| BOTTOM OF THE 5TH |
|
San Diego Padres batting - Pitching for Houston Astros : RHP Jorge Aguilar
|
|
Batting: SHB Phil Zacharia
|
0-0: Called Strike 0-1: Foul Ball, location: 2F 0-2: Ball 1-2: Ball 2-2: Ball 3-2: Foul Ball, location: 2F 3-2: Ground out 3-1 (Groundball, 3D, EV 76.9 MPH)
|
|
Batting: RHB Manny Vergara
|
0-0: Ball 1-0: Fly out, F5 (Popup, 5S, EV 68.8 MPH)
|
|
Batting: SHB Jerry Luckwell
|
0-0: Called Strike 0-1: Foul Ball, location: 2F 0-2: Strikes out swinging
|
| Bottom of the 5th over - 0 runs, 0 hits, 0 errors, 0 left on base; Houston 3 - San Diego 5 |
| TOP OF THE 6TH |
|
Houston Astros batting - Pitching for San Diego Padres : LHP Jim Turan
|
|
Batting: RHB Jesse Scott
|
0-0: Foul Ball, location: 2F 0-1: Ball 1-1: Foul Ball, location: 2F 1-2: Ball 2-2: SINGLE (Line Drive, 89M, EV 102.5 MPH)
|
|
Batting: LHB Eric Katz
|
0-0: Swinging Strike 0-1: Ball Jesse Scott is caught stealing 2nd base 2-6 1-1: Foul Ball, location: 2F 1-2: Ground out U3 (Groundball, 3L, EV 102.5 MPH)
|
|
Batting: SHB Jason Woods
|
0-0: Ball 1-0: Foul Ball, location: 2F 1-1: SINGLE (Groundball, 56D, EV 100.6 MPH)
|
|
Batting: RHB Eric Chotkowski
|
0-0: Called Strike 0-1: Ball 1-1: Fly out, F8 (Line Drive, 8LD, EV 90.0 MPH)
|
| Top of the 6th over - 0 runs, 2 hits, 0 errors, 1 left on base; Houston 3 - San Diego 5 |
| BOTTOM OF THE 6TH |
|
San Diego Padres batting - Pitching for Houston Astros : RHP Jorge Aguilar
|
|
Batting: RHB Kaeo Zirpoli
|
0-0: Ball 1-0: Ball 2-0: Ball 3-0: Base on Balls
|
|
Batting: RHB Hugo Bautista
|
0-0: Ball 1-0: Swinging Strike 1-1: Ball 2-1: Foul Ball, location: 2F 2-2: Foul Ball, location: 2F 2-2: DOUBLE (Line Drive, 9LS, EV 96.9 MPH) Kaeo Zirpoli to third
|
|
Batting: RHB Elijah Campbell
|
0-0: Ball 1-0: Called Strike 1-1: Called Strike 1-2: Ball 2-2: Fly out, F9 (Flyball, 9, EV 96.2 MPH)
|
|
Batting: LHB Mike Holt
|
0-0: Ball 1-0: Ball 2-0: Called Strike 2-1: Ball 3-1: Foul Ball, location: 2F 3-2: Strikes out swinging
|
|
Pitching: LHP Mike Cobb
|
|
|
Batting: RHB Luis Torres
|
0-0: SINGLE (Groundball, 56, EV 95.6 MPH) (infield hit) Kaeo Zirpoli scores Hugo Bautista to third
|
|
Batting: RHB Hildo Pot
|
0-0: Called Strike 0-1: Ball 1-1: Called Strike 1-2: Strikes out looking
|
| Bottom of the 6th over - 1 run, 2 hits, 0 errors, 2 left on base; Houston 3 - San Diego 6 |
| TOP OF THE 7TH |
|
Houston Astros batting - Pitching for San Diego Padres : LHP Jim Turan
|
|
Batting: LHB Jack Christie
|
0-0: Foul Ball, location: 2F 0-1: Foul Ball, location: 2F 0-2: Ball 1-2: Ground out 4-3 (Groundball, 4M, EV 81.9 MPH)
|
|
Pitching: RHP Marshall Barron
|
|
|
Batting: RHB Jeremy Trump
|
0-0: Ball 1-0: Ball 2-0: Called Strike 2-1: Foul Ball, location: 2F 2-2: Foul Ball, location: 2F 2-2: Foul Ball, location: 2F 2-2: Foul Ball, location: 2F 2-2: Strikes out swinging
|
|
Batting: SHB Rich Chavez
|
0-0: Called Strike 0-1: Ground out 4-3 (Groundball, 4, EV 100.0 MPH)
|
| Top of the 7th over - 0 runs, 0 hits, 0 errors, 0 left on base; Houston 3 - San Diego 6 |
| BOTTOM OF THE 7TH |
|
San Diego Padres batting - Pitching for Houston Astros : LHP Mike Cobb
|
|
Batting: SHB Phil Zacharia
|
0-0: Ball 1-0: Called Strike 1-1: Ball 2-1: Ground out 5-3 (Groundball, 6S, EV 85.0 MPH)
|
|
Batting: RHB Manny Vergara
|
0-0: Ball 1-0: Ball 2-0: Ground out 4-3 (Groundball, 4, EV 86.2 MPH)
|
|
Batting: SHB Jerry Luckwell
|
0-0: Ball 1-0: Fly out, F6 (Popup, 6S, EV 77.5 MPH)
|
| Bottom of the 7th over - 0 runs, 0 hits, 0 errors, 0 left on base; Houston 3 - San Diego 6 |
| TOP OF THE 8TH |
|
Houston Astros batting - Pitching for San Diego Padres : RHP Marshall Barron
|
|
Batting: SHB Joe Gardner
|
0-0: Swinging Strike 0-1: Ball 1-1: Foul Ball, location: 2F 1-2: Foul Ball, location: 2F 1-2: Ball 2-2: Strikes out looking
|
|
Batting: SHB Bryan Johnston
|
0-0: Called Strike 0-1: Ball 1-1: Ball 2-1: Called Strike 2-2: Strikes out looking
|
|
Batting: RHB Jesse Scott
|
0-0: Ball 1-0: SINGLE (Groundball, 6MD, EV 99.4 MPH)
|
|
Batting: LHB Eric Katz
|
0-0: Ball 1-0: Ball 2-0: SINGLE (Flyball, 89S, EV 87.5 MPH) Jesse Scott to second Runner from 2nd tries for 3rd, SAFE, no throw by RF
|
|
Batting: SHB Jason Woods
|
0-0: Ball 1-0: Ball Wild Pitch! Jesse Scott scores Eric Katz to second 2-0: Called Strike 2-1: Ball 3-1: Base on Balls
|
|
Pinch Hitting: LHB Bryce Hill
|
0-0: Called Strike 0-1: Foul Ball, location: 2F 0-2: Ball 1-2: Ball 2-2: Strikes out swinging
|
| Top of the 8th over - 1 run, 2 hits, 0 errors, 2 left on base; Houston 4 - San Diego 6 |
| BOTTOM OF THE 8TH |
|
San Diego Padres batting - Pitching for Houston Astros : LHP Mike Cobb
|
|
Now at 3B: Paskar Adegoke
|
|
|
Batting: RHB Kaeo Zirpoli
|
0-0: Ball 1-0: Ball 2-0: Hit by Pitch
|
|
Batting: RHB Hugo Bautista
|
0-0: Called Strike 0-1: Ball 1-1: Ball 2-1: Ball 3-1: Base on Balls Kaeo Zirpoli to second
|
|
Batting: RHB Elijah Campbell
|
0-0: Ball 1-0: Ball 2-0: Ball 3-0: Base on Balls Kaeo Zirpoli to third Hugo Bautista to second
|
|
Batting: LHB Mike Holt
|
0-0: Ball 1-0: Ball 2-0: Ball 3-0: Called Strike 3-1: Swinging Strike 3-2: Strikes out swinging
|
|
Batting: RHB Luis Torres
|
0-0: Called Strike 0-1: SINGLE (Groundball, 56D, EV 100.6 MPH) Kaeo Zirpoli scores Hugo Bautista to third Elijah Campbell to second Runner from 3rd tries for Home, SAFE, throw by LF to home
|
|
Batting: RHB Hildo Pot
|
0-0: SINGLE (Groundball, 56D, EV 96.9 MPH) Elijah Campbell to third Luis Torres to second
|
|
Batting: SHB Phil Zacharia
|
0-0: Swinging Strike 0-1: Ball 1-1: Foul Ball, location: 2F 1-2: Hit by Pitch Elijah Campbell scores Luis Torres to third Hildo Pot to second
|
|
Pitching: RHP Willie Jimenez
|
|
|
Batting: RHB Manny Vergara
|
0-0: Ball 1-0: Ball 2-0: Ball 3-0: Base on Balls Luis Torres scores Hildo Pot to third Phil Zacharia to second
|
|
Batting: SHB Jerry Luckwell
|
0-0: Called Strike 0-1: GRAND SLAM HOME RUN (Flyball, 9D, EV 98.8 MPH), Distance : 379 ft
|
|
Batting: RHB Kaeo Zirpoli
|
0-0: Fly out, F7 (Flyball, 78D, EV 78.1 MPH)
|
|
Batting: RHB Hugo Bautista
|
0-0: Called Strike 0-1: Foul Ball, location: 2F 0-2: Strikes out swinging
|
| Bottom of the 8th over - 8 runs, 3 hits, 0 errors, 0 left on base; Houston 4 - San Diego 14 |
| TOP OF THE 9TH |
|
Houston Astros batting - Pitching for San Diego Padres : RHP Marshall Barron
|
|
Batting: LHB Jack Christie
|
0-0: Ball 1-0: Called Strike 1-1: Swinging Strike 1-2: Foul Ball, location: 2F 1-2: Strikes out swinging
|
|
Batting: RHB Jeremy Trump
|
0-0: Called Strike 0-1: Fly out, F4 (Popup, 4D, EV 68.1 MPH)
|
|
Batting: SHB Rich Chavez
|
0-0: Ball 1-0: Ball 2-0: Called Strike 2-1: Foul Ball, location: 2F 2-2: Ball 3-2: Foul Ball, location: 2F 3-2: Foul Ball, location: 2F 3-2: Base on Balls
|
|
Batting: SHB Joe Gardner
|
0-0: Ball 1-0: DOUBLE (Line Drive, 9LM, EV 112.5 MPH) Rich Chavez to third
|
|
Batting: SHB Bryan Johnston
|
0-0: Called Strike 0-1: Swinging Strike 0-2: Ball 1-2: Strikes out swinging
|
| Top of the 9th over - 0 runs, 1 hit, 0 errors, 2 left on base; Houston 4 - San Diego 14 |
|